 Dungeon Crawl Stone Soup version 0.18-b1-2-gd0c887e (webtiles) character file.

6400 namelastname112 the Carver (level 10, 88/88 HPs)
             Began as a Black Draconian Berserker on Apr 28, 2016.
             Was an Elder of Trog.
             Quit the game on level 8 of the Dungeon.
             The game lasted 00:12:05 (9791 turns).

namelastname112 the Carver (DrBe)                   Turns: 9791, Time: 00:12:05

Health: 88/88      AC:  9    Str: 19    XL:     10   Next: 66%
Magic:  10/10      EV: 13    Int:  9    God:    Trog [****..]
Gold:   444        SH: 10    Dex: 13    Spells: 0 memorised, 9 levels left

rFire  + . .     SeeInvis .     z - +1 falchion (curse)
rCold  . . .     Gourm    .     (armour unavailable)
rNeg   . . .     Faith    .     q - +0 shield
rPois  .         Spirit   .     (helmet restricted)
rElec  +         Dismiss  .     L - +0 cloak
rCorr  +         Reflect  .     w - +0 pair of gloves
SustAt .         Harm     .     (no boots)
MR     .....                    (no amulet)
Stlth  +.........               N - ring of resist corrosion
                                c - ring of protection from fire

@: not resistant to hostile enchantments, very unstealthy
A: breathe lightning, unfitting armour, electricity resistance, cold-blooded, AC
+7
a: Breathe Lightning, Berserk, Trog's Hand, Brothers in Arms, Burn Spellbooks,
Renounce Religion


You were on level 8 of the Dungeon.
You worshipped Trog.
Trog was greatly pleased with you.
You were not hungry.

You visited 2 branches of the dungeon, and saw 9 of its levels.

You collected 444 gold pieces.

Inventory:

Hand Weapons
 z - a cursed +1 falchion (weapon)
Missiles
 s - 11 poisoned needles
Armour
 q - a +0 shield (worn)
 w - a +0 pair of gloves (worn)
 L - a +0 cloak (worn)
Jewellery
 c - a ring of protection from fire (left hand)
 l - an uncursed ring of flight
 N - a ring of resist corrosion (right hand)
Wands
 i - a wand of flame (11/48)
 n - a wand of paralysis (11/24)
 E - a wand of enslavement (13/24)
 H - a wand of flame (33/48)
 M - a wand of teleportation (5/9)
Scrolls
 a - 2 scrolls of remove curse
 g - 2 scrolls of magic mapping
 h - a scroll of blinking
 y - a scroll of immolation {unknown}
 C - a scroll of enchant armour {unknown}
 D - a scroll of enchant weapon {unknown}
 F - a scroll of silence {unknown}
 K - a scroll of fear {unknown}
Potions
 d - a potion of berserk rage
 e - 2 potions of heal wounds
 j - 2 potions of invisibility
 k - 4 potions of agility {unknown}
 m - 2 potions of might {unknown}
 o - 4 potions of curing
 r - a potion of brilliance {unknown}
 t - a potion of cure mutation {unknown}
 u - a potion of beneficial mutation {unknown}
 v - a potion of haste
 A - 3 potions of lignification {unknown}
 G - 2 potions of magic
 O - a potion of mutation {unknown}
Books
 I - a book of Conjurations

   Spells                             Type                      Level
   a - Magic Dart                     Conjuration                  1
   b - Searing Ray                    Conjuration                  2
   c - Dazzling Spray                 Conjuration/Hexes            3
   d - Fulminant Prism                Conjuration/Hexes            4
   e - Iskenderun's Mystic Blast      Conjuration                  4
   f - Iskenderun's Battlesphere      Conjuration/Charms           5
   Trog disapproves of the use of such an item.
Comestibles
 b - 6 bread rations
 f - 10 slices of pizza
 p - 3 meat rations
 B - 3 beef jerkies
 J - 18 fruits


   Skills:
 + Level 8.1 Fighting
 * Level 10.2 Long Blades
 + Level 5.9 Throwing
 + Level 6.7 Dodging
 + Level 5.9 Shields


You had 9 spell levels left.
You didn't know any spells.

Dungeon Overview and Level Annotations

Branches:
Dungeon (8/15)             Temple (0/1) D:6            Lair (1/8) D:8

Altars:
Ashenzari
Dithmenos
Elyvilon
Gozag
Nemelex Xobeh
Zin


Innate Abilities, Weirdness & Mutations

You can breathe wild blasts of lightning.
Your glossy black scales are hard (AC +7).
Your body does not fit into most forms of armour.
You are resistant to electric shocks.
You are cold-blooded and may be slowed by cold attacks.


Message History

No target in view!
No target in view!
No target in view!
Key pressed, stopping explore.
Key pressed, stopping explore.
Key pressed, stopping explore.
Done exploring.
Done exploring.
Done exploring.
There is a glowing silver altar of Zin here.
Things that are here:
a dagger of chaos; an embroidered robe
Things that are here:
a spear; an animal skin
There is a staircase to the Lair here.
You climb downwards.
Welcome to the Lair of Beasts!
There is a staircase back to the Dungeon here.
You climb upwards.
Welcome back to the Dungeon!
There is a staircase to the Lair here.
Are you sure you want to abandon this character and quit the game? (Confirm with "yes".)

#.# #.# #.##.## #.##.# #.#
#.# #.##..## ###.##.# #.#
#.#########...###.#.##.# ..#
#.#.....##.....##...##.# ###
#.#.##.##....P..##..##.#
#.......#....PP.##..##.#
###.##.#..P......#..##.# #
#.##..............##.#
##########......@......###.#
#≈≈≈≈≈≈≈≈#.#.........#.# #.#
#≈......≈#.#.........#.# #.#
#≈......≈#.##.......##.# #.#
#≈......≈#.##..P....##.# #.#
#≈......≈#..##.....##..# #.#
#≈......≈######...###### #.#
#≈≈≈≈≈≈≈≈# ##.###.# #.##
####'##### #.....# #..#


There were no monsters in sight!

Vanquished Creatures
  An elephant (D:8)
  Psyche (D:8)
  Maurice (D:8)
  Sigmund (D:3)
  A yak (D:8)
  The ghost of namelastname112 the Slasher, an amateur DrBe of Trog (D:3)
  A hog (D:7)
  A human (D:7)
  Grum (D:8)
  Menkaure (D:6)
  A hippogriff (D:8)
  A vampire mosquito (D:5)
  A water moccasin (D:8)
  An orc warrior (D:7)
  5 sky beasts
  2 ice beasts
  A black bear (D:5)
  4 ogres (D:5)
  A phantom (D:7)
  3 centaurs
  3 wolves (D:8)
  2 crocodiles (D:8)
  2 giant frogs (D:8)
  Blork the orc (D:5)
  A scorpion (D:7)
  3 killer bees (D:7)
  5 wights (D:6)
  2 howler monkeys (D:5)
  A centaur zombie (D:6)
  A crimson imp (D:6)
  4 hounds
  4 orc priests
  2 giant frog skeletons
  4 jellies
  6 orc wizards
  Jessica (D:5)
  2 iguanas (D:4)
  Terence (D:3)
  2 worker ants (D:7)
  3 sheep (D:7)
  A hound zombie (D:5)
  3 hound skeletons
  A howler monkey zombie (D:6)
  A worker ant zombie (D:6)
  5 gnolls
  A howler monkey skeleton (D:7)
  9 adders
  A shadow imp (D:6)
  2 oozes
  2 adder skeletons (D:5)
  2 worms (D:3)
  A dart slug (D:3)
  A giant gecko (D:3)
  21 orcs
  A ball python (D:1)
  5 giant cockroaches
  7 goblins
  7 hobgoblins
  12 jackals
  4 quokkas
  9 bats
  4 giant newts
  8 kobolds
  A quokka skeleton (D:4)
  7 rats
196 creatures vanquished.

Vanquished Creatures (collateral kills)
  The ghost of namelastname112 the Carver, a novice DrBe of Trog (D:8)
1 creature vanquished.

Grand Total: 197 creatures vanquished

Notes
Turn   | Place    | Note
--------------------------------------------------------------
     0 | D:1      | namelastname112 the Draconian Berserker began the quest for the Orb.
     0 | D:1      | Reached XP level 1. HP: 19/19 MP: 1/1
   177 | D:1      | Reached XP level 2. HP: 22/26 MP: 2/2
   798 | D:1      | Reached XP level 3. HP: 27/31 MP: 3/3
   928 | D:2      | Reached ** piety under Trog
   936 | D:2      | Reached skill level 1 in Throwing
  1232 | D:2      | Reached XP level 4. HP: 33/40 MP: 4/4
  1355 | D:2      | Reached skill level 4 in Long Blades
  1506 | D:3      | Noticed namelastname112's ghost (amateur DrBe)
  1513 | D:3      | Killed namelastname112's ghost
  1513 | D:3      | Reached XP level 5. HP: 46/47 MP: 5/5
  1596 | D:3      | Noticed Jessica
  1597 | D:3      | Noticed Sigmund
  1615 | D:3      | Killed Sigmund
  1615 | D:3      | Reached skill level 5 in Long Blades
  1615 | D:3      | Reached XP level 6. HP: 9/55 MP: 6/6
  2250 | D:3      | Reached skill level 5 in Fighting
  2301 | D:3      | Reached *** piety under Trog
  2391 | D:3      | Noticed Terence
  2415 | D:3      | Killed Terence
  3138 | D:4      | Your scales start taking on a glossy black colour.
  3138 | D:4      | Reached XP level 7. HP: 61/61 MP: 7/7
  3138 | D:4      | Gained mutation: You are resistant to electric shocks. [Black Draconian growth]
  3341 | D:4      | Reached skill level 1 in Shields
  3574 | D:5      | Entered Level 5 of the Dungeon
  3666 | D:5      | Reached skill level 6 in Long Blades
  3772 | D:5      | Killed Jessica
  4242 | D:5      | Reached XP level 8. HP: 32/69 MP: 8/8
  4392 | D:5      | Noticed Blork the orc
  4399 | D:5      | Killed Blork the orc
  4457 | D:5      | Reached **** piety under Trog
  4535 | D:5      | Reached skill level 7 in Long Blades
  4988 | D:5      | Reached skill level 5 in Dodging
  5251 | D:5      | Found an opulent altar of Gozag.
  5793 | D:6      | Reached XP level 9. HP: 78/78 MP: 9/9
  5794 | D:6      | Found a white marble altar of Elyvilon.
  5829 | D:6      | Noticed Menkaure
  5835 | D:6      | Killed Menkaure
  6099 | D:6      | Reached skill level 8 in Long Blades
  6463 | D:6      | Found a staircase to the Ecumenical Temple.
  6524 | D:6      | Found a sparkling altar of Nemelex Xobeh.
  6999 | D:7      | Found a shadowy altar of Dithmenos.
  7936 | D:7      | Reached skill level 9 in Long Blades
  7936 | D:7      | Reached skill level 5 in Shields
  8079 | D:7      | Reached skill level 5 in Throwing
  8353 | D:7      | Reached XP level 10. HP: 77/86 MP: 10/10
  8631 | D:8      | Found a glowing silver altar of Zin.
  8631 | D:8      | Noticed Psyche
  8647 | D:8      | Killed Psyche
  8689 | D:8      | Found a staircase to the Lair.
  8689 | D:8      | Noticed an elephant
  8690 | D:8      | Noticed Grum
  8720 | D:8      | Killed Grum
  8798 | D:8      | Killed an elephant
  8854 | D:8      | Noticed namelastname112's ghost (novice DrBe)
  8872 | D:8      | Killed namelastname112's ghost
  8872 | D:8      | Reached skill level 10 in Long Blades
  9092 | D:8      | Found a shattered altar of Ashenzari.
  9101 | D:8      | Noticed Maurice
  9111 | D:8      | Paralysed by Maurice for 4 turns
  9118 | D:8      | Paralysed by Maurice for 4 turns
  9126 | D:8      | Killed Maurice
  9788 | Lair:1   | Entered Level 1 of the Lair of Beasts
  9791 | D:8      | Quit the game

Skill      XL: |  1  2  3  4  5  6  7  8  9 10 |
---------------+-------------------------------+-----
Dodging        | 3 4 5 6 |  6.7
Throwing       | 1 2 3 4 5 |  5.9
Fighting       | 4 5 6 7 8 |  8.1
Long Blades    | 4 5 6 7 9 10 | 10.2
Shields        | 2 3 5 |  5.9

Action                   |  1- 3 |  4- 6 |  7- 9 | 10-12 || total
-------------------------+-------+-------+-------+-------++-------
Melee: Falchion          |   101 |   174 |   590 |   152 ||  1017
       Tailslap          |    12 |    20 |    77 |    19 ||   128
Invok: Berserk           |       |     3 |     9 |     5 ||    17
       Trog's Hand       |       |       |     1 |     1 ||     2
       Brothers in Arms  |       |       |       |     1 ||     1
 Abil: Breathe Lightning |       |       |     1 |     3 ||     4
  Use: Scroll            |       |       |     9 |     3 ||    12
 Stab: Sleeping          |     1 |     3 |       |       ||     4
  Eat: Chunk             |     1 |     9 |    25 |     4 ||    39
       Royal jelly       |       |       |     1 |     1 ||     2
       Meat ration       |       |       |       |     1 ||     1
Armor: Skin              |    33 |    39 |   154 |    28 ||   254
Dodge: Dodged            |    95 |   107 |   397 |    86 ||   685
Block: Shield            |       |       |       |    23 ||    23
